 Dungeon Crawl Stone Soup version 0.27-a0-1434-g6f15984924 (webtiles) character file.

Game seed: 13203381521051585293

4699 funkygono the Blocker (level 10, -8/97 HPs)
             Began as a Gnoll Fighter on July 3, 2021.
             Was a Priest of Okawaru.
             Mangled by a troll (11 damage)
             ... on level 8 of the Dungeon.
             The game lasted 00:17:23 (8181 turns).

funkygono the Blocker (Gnoll Fighter)               Turns: 8181, Time: 00:17:24

Health: -8/97      AC: 14    Str: 19    XL:     10   Next: 45%
Magic:  26/26      EV: 10    Int:  8    God:    Okawaru [***...]
Gold:   481        SH: 13    Dex: 11    Spells: 19/19 levels left

rFire    x . .     SeeInvis .   F - +4 falchion
rCold    + . .     Faith    .   c - +2 kite shield
rNeg     . . .     Spirit   .   l - +1 scale mail {Will+}
rPois    .         Reflect  .   H - +0 helmet
rElec    .         Harm     .   (no cloak)
rCorr    .         Rampage  +   (no gloves)
Will     +....                  f - +2 pair of boots {rampage}
Stlth    +.........             t - amulet of Vitality {Regen+ HP+15}
HPRegen  1.26/turn              e - ring of ice
MPRegen  0.20/turn              k - ring of magical power

@: no status effects
A: fangs 1, strong nose, distributed training
a: Renounce Religion, Heroism


You were on level 8 of the Dungeon.
You worshipped Okawaru.
Okawaru was most pleased with you.
You visited 2 branches of the dungeon, and saw 9 of its levels.

You collected 481 gold pieces.

Inventory:

Hand Weapons
 a - a +0 long sword
 i - a +1 whip of electrocution
 m - a +1 vorpal flail
 o - a +0 whip of freezing
 v - a +0 shortbow
 F - a +4 falchion (weapon)
Missiles
 g - 173 stones (quivered)
 w - 134 arrows
Armour
 b - a +0 scale mail
 c - a +2 kite shield (worn)
 f - a +2 pair of boots of rampaging (worn)
 l - a +1 scale mail of willpower (worn)
 x - a +0 plate armour
 D - +0 steam dragon scales
 G - a +2 robe of willpower
 H - a +0 helmet (worn)
Jewellery
 e - a ring of ice (left hand)
 k - a ring of magical power (right hand)
 t - the amulet of Vitality (around neck) {Regen+ HP+15}
   (You found it on level 5 of the Dungeon)

   [amulet of regeneration]

   HP:        It affects your health (+15).
   Regen:     It increases your rate of health regeneration.
 z - a ring of flight
 A - an amulet of guardian spirit
 B - an amulet of regeneration
 C - an amulet of reflection
Wands
 j - a wand of acid (10)
 q - a wand of paralysis (9)
 s - a wand of polymorph (13)
Scrolls
 y - 6 scrolls of teleportation
 E - a scroll of holy word {unknown}
 J - a scroll of fear
Potions
 d - 2 potions of might
 h - 2 potions of mutation
 n - a potion of cancellation {unknown}
 p - 2 potions of haste {unknown}
 r - a potion of degeneration {unknown}
 u - a potion of invisibility {unknown}
 I - a potion of brilliance {unknown}


   Skills:
 + Level 8.5 Fighting
 + Level 5.3 Short Blades
 + Level 7.1 Long Blades
 + Level 5.3 Axes
 + Level 5.3 Maces & Flails
 + Level 5.3 Polearms
 + Level 5.3 Staves
 + Level 5.3 Slings
 + Level 5.3 Bows
 + Level 5.3 Crossbows
 + Level 5.3 Throwing
 + Level 8.5 Armour
 + Level 5.3 Dodging
 + Level 5.3 Stealth
 + Level 8.5 Shields
 + Level 5.3 Unarmed Combat
 + Level 5.3 Spellcasting
 + Level 4.3 Conjurations
 + Level 4.3 Hexes
 + Level 4.3 Summonings
 + Level 4.3 Necromancy
 + Level 4.3 Translocations
 + Level 4.3 Transmutations
 + Level 4.3 Fire Magic
 + Level 4.3 Ice Magic
 + Level 4.3 Air Magic
 + Level 4.3 Earth Magic
 + Level 4.3 Poison Magic
 + Level 5.8 Invocations
 + Level 5.3 Evocations


You had 19 spell levels left.
You didn't know any spells.
Your spell library contained the following spells:

 Spells                   Type           Power      Damage    Failure   Level
 Animate Skeleton         Necr           18%        N/A       26%         1
 Apportation              Tloc           18%        N/A       26%         1
 Pain                     Necr           36%        1d5       26%         1
 Blink                    Tloc           N/A        N/A       36%         2
 Ensorcelled Hibernation  Hex/Ice        26%        N/A       36%         2
 Static Discharge         Conj/Air       9%         N/A       36%         2
 Lesser Beckoning         Tloc           4%         N/A       58%         3
 Ozocubu's Armour         Ice            13%        N/A       58%         3
 Spider Form              Tmut/Pois      4%         N/A       58%         3
 Stone Arrow              Conj/Erth      18%        3d8       58%         3
 Vampiric Draining        Necr           4%         2d6       58%         3
 Leda's Liquefaction      Hex/Erth       4%         N/A       94%         4
 Agony                    Necr           9%         N/A       100%        5
 Alistair's Intoxication  Tmut/Pois      6%         N/A       100%        5
 Bolt of Magma            Conj/Fire/Erth 4%         4d5       100%        5
 Borgnjor's Vile Clutch   Necr/Erth      4%         N/A       100%        5
 Excruciating Wounds      Necr           4%         N/A       100%        5
 Lightning Bolt           Conj/Air       4%         1d16      100%        5
 Manifold Assault         Tloc           9%         N/A       100%        5
 Eringya's Noxious Bog    Tmut/Pois      4%         N/A       100%        6
 Invisibility             Hex            4%         N/A       100%        6
 Shadow Creatures         Summ           N/A        N/A       100%        6
 Statue Form              Tmut/Erth      6%         N/A       100%        6
 Ozocubu's Refrigeration  Ice            6%         4d6       100%        7
 Maxwell's Capacitive Co  Air            4%         ∞         100%        8
 Shatter                  Erth           4%         3d8*      100%        9


Dungeon Overview and Level Annotations

Branches:
Dungeon (8/15)             Temple (1/1) D:6
   Lair: D:8-11

Altars:
Ashenzari
Cheibriados
Dithmenos
Elyvilon
Fedhas
Hepliaklqana
Makhleb
Nemelex Xobeh
Okawaru
Qazlal
Ru
Sif Muna
Trog
Uskayaw
Vehumet
Wu Jian
Xom
Yredelemnul
Zin
The Shining One

Shops:
D:4 (   D:5 :

Annotations:
D:3 2 transporters, Sassenached's ghost, amateur GnWn


Innate Abilities, Weirdness & Mutations

You have very sharp teeth.
Your uncanny sense of smell can sniff out nearby items.
Your experience applies equally to all skills.


Message History

The deep elf pyromancer hits you with a +0 long sword.
You closely miss the deep elf pyromancer.
The deep elf pyromancer is severely wounded.
The troll bites you! You block the troll's attack.
The troll claws you but does no damage. The fire elemental hits you.
The fire elemental burns you! The fire burns you terribly!
You block the deep elf pyromancer's attack.
You hit the deep elf pyromancer.
The deep elf pyromancer is severely wounded.
The fire elemental hits you. The fire elemental burns you!
The fire burns you terribly! The troll bites you!
* * * LOW HITPOINT WARNING * * *
The troll claws you but does no damage. The troll claws you.
* * * LOW HITPOINT WARNING * * *
The deep elf pyromancer casts a spell.
The fire elemental closely misses you.
You hit the deep elf pyromancer.
The deep elf pyromancer is severely wounded.
You hear the hiss of a distant avalanche of sand.
You block the troll's attack. x3; You block the fire elemental's attack.
The deep elf pyromancer closely misses you.
You riposte.
You slash the deep elf pyromancer!
The deep elf pyromancer is almost dead.
You block the troll's attack. The troll claws you.
* * * LOW HITPOINT WARNING * * *
The troll claws you!
* * * LOW HITPOINT WARNING * * *
You hit the deep elf pyromancer.
You kill the deep elf pyromancer!
Okawaru is honoured by your kill.
Okawaru will now gift you ammunition as you gain piety.
Something appears at your feet! Okawaru grants you ammunition!
The fire elemental disappears in a puff of smoke! x2
The troll bites you.
* * * LOW HITPOINT WARNING * * *
The troll claws you.
* * * LOW HITPOINT WARNING * * *
The troll claws you!
You die...

#############
#...........#
########.##.###....##
#...................#
#.#########.......#.#
#...###..##.......#.#
#..).#....##...).##..
#..§@#.....###.####.#
#.○.T§..#.....)..##.#
#....#.(#...).)...#.#
#....#.)##..###...#.#
#...##°.)#.##....##.#
#..###...))?!....###..
.(..##....##)#...##
..# ###...#...###.!##
.# #.....#......?..#


You could see a troll.

Vanquished Creatures
  Pikel (D:5)
  A deep elf pyromancer (D:8)
  A cyclops (D:8)
  4 yaks (D:8)
  2 steam dragons (D:7)
  A vampire mosquito (D:7)
  2 orc warriors (D:7)
  A black bear (D:6)
  4 ice beasts
  A sky beast (D:5)
  A necrophage (D:6)
  An ogre (D:5)
  4 phantoms
  2 centaurs
  A bullfrog (D:6)
  3 scorpions
  4 killer bees (D:4)
  9 wights (D:6)
  2 hounds
  A gnoll shaman (D:8)
  2 jellies
  2 orc priests
  5 iguanas
  3 orc wizards
  A scorpion zombie (D:5)
  18 gnolls
  5 adders
  A white imp (D:7)
  2 ufetubi (D:6)
  A worm (D:4)
  A dart slug (D:3)
  16 orcs
  2 bats (D:1)
  7 endoplasms
  3 giant cockroaches (D:1)
  8 goblins
  5 hobgoblins
  12 jackals
  2 quokkas
  9 ball pythons
  7 frilled lizards
  3 kobolds
  4 rats
165 creatures vanquished.

Notes
Turn   | Place    | Note
-------+----------+-------------------------------------------
     0 | D:1      | funkygono the Gnoll Fighter began the quest for the Orb.
     0 | D:1      | Reached XP level 1. HP: 23/23 MP: 1/1
    40 | D:1      | Reached XP level 2. HP: 28/29 MP: 2/2
   260 | D:1      | Reached XP level 3. HP: 35/35 MP: 3/3
   420 | D:1      | Reached skill level 1 in Invocations
   742 | D:1      | Identified a scroll of acquirement
   742 | D:1      | Acquired a +2 pair of boots of rampaging
  1044 | D:2      | Reached skill level 1 in Short Blades
  1044 | D:2      | Reached skill level 1 in Axes
  1044 | D:2      | Reached skill level 1 in Maces & Flails
  1044 | D:2      | Reached skill level 1 in Polearms
  1044 | D:2      | Reached skill level 1 in Staves
  1044 | D:2      | Reached skill level 1 in Slings
  1044 | D:2      | Reached skill level 1 in Bows
  1044 | D:2      | Reached skill level 1 in Crossbows
  1044 | D:2      | Reached skill level 1 in Throwing
  1044 | D:2      | Reached skill level 1 in Dodging
  1044 | D:2      | Reached skill level 1 in Stealth
  1044 | D:2      | Reached skill level 1 in Unarmed Combat
  1044 | D:2      | Reached skill level 1 in Spellcasting
  1044 | D:2      | Reached skill level 1 in Evocations
  1044 | D:2      | Reached XP level 4. HP: 10/41 MP: 5/5
  1859 | D:2      | Reached skill level 1 in Conjurations
  1859 | D:2      | Reached skill level 1 in Hexes
  1859 | D:2      | Reached skill level 1 in Summonings
  1859 | D:2      | Reached skill level 1 in Necromancy
  1859 | D:2      | Reached skill level 1 in Translocations
  1859 | D:2      | Reached skill level 1 in Transmutations
  1859 | D:2      | Reached skill level 1 in Fire Magic
  1859 | D:2      | Reached skill level 1 in Ice Magic
  1859 | D:2      | Reached skill level 1 in Air Magic
  1859 | D:2      | Reached skill level 1 in Earth Magic
  1859 | D:2      | Reached skill level 1 in Poison Magic
  2012 | D:3      | Found a faded altar of an unknown god.
  2163 | D:3      | Found a transporter.
  2232 | D:3      | Reached XP level 5. HP: 24/47 MP: 6/6
  2421 | D:3      | Found a transporter.
  2421 | D:3      | Noticed Sassenached's ghost (amateur GnWn)
  2469 | D:3      | Noticed a water elemental
  2471 | D:3      | Found a stormy altar of Qazlal.
  2472 | D:3      | Noticed an air elemental
  2472 | D:3      | Noticed a fire elemental
  3577 | D:4      | Reached XP level 6. HP: 48/53 MP: 8/8
  3771 | D:4      | Reached skill level 5 in Long Blades
  3782 | D:4      | Reached XP level 7. HP: 21/59 MP: 10/10
  4397 | D:4      | Found Dotiong's Weapon Boutique.
  4612 | D:5      | Entered Level 5 of the Dungeon
  4612 | D:5      | Found the amulet of Vitality {Regen+ HP+15}
  4612 | D:5      | Noticed Pikel
  4617 | D:5      | Killed Pikel
  4618 | D:5      | Reached XP level 8. HP: 55/67 MP: 12/12
  5556 | D:5      | Found Jiq Doum's Book Emporium.
  5847 | D:6      | Reached XP level 9. HP: 73/73 MP: 14/14
  5859 | D:6      | Found a staircase to the Ecumenical Temple.
  5869 | Temple   | Entered the Ecumenical Temple
  6121 | Temple   | Became a worshipper of Warmaster Okawaru
  6456 | D:6      | Reached * piety under Okawaru
  6966 | D:7      | Reached skill level 5 in Invocations
  7239 | D:7      | Reached XP level 10. HP: 80/80 MP: 17/17
  7864 | D:8      | Noticed a cyclops
  7865 | D:8      | Noticed a deep elf pyromancer
  7882 | D:7      | Reached ** piety under Okawaru
  7883 | D:7      | Reached skill level 5 in Short Blades
  7883 | D:7      | Reached skill level 5 in Axes
  7883 | D:7      | Reached skill level 5 in Maces & Flails
  7883 | D:7      | Reached skill level 5 in Polearms
  7883 | D:7      | Reached skill level 5 in Staves
  7883 | D:7      | Reached skill level 5 in Slings
  7883 | D:7      | Reached skill level 5 in Bows
  7883 | D:7      | Reached skill level 5 in Crossbows
  7883 | D:7      | Reached skill level 5 in Throwing
  7883 | D:7      | Reached skill level 5 in Dodging
  7883 | D:7      | Reached skill level 5 in Stealth
  7883 | D:7      | Reached skill level 5 in Unarmed Combat
  7883 | D:7      | Reached skill level 5 in Spellcasting
  7883 | D:7      | Reached skill level 5 in Evocations
  7983 | D:8      | Found a shadowy altar of Dithmenos.
  8156 | D:8      | Killed a cyclops
  8181 | D:8      | Killed a deep elf pyromancer
  8181 | D:8      | Reached *** piety under Okawaru
  8181 | D:8      | Received a gift from Okawaru
  8181 | D:8      | HP: 3/97 [troll (5)]
  8181 | D:8      | Mangled by a troll

Illustrated notes

Levels and vault maps discovered:
D:1:      minmay_arrival_diagonal_passages, layout_basic, palyth_stone_intersect
D:2:      layout_loops_ring
D:3:      layout_basic, nicolae_qazlal_style_of_elements,
          hellmonk_ecumenical_altar_heavens_door, gammafunk_ghost_mausoleum,
          nrook_loot_triangle, patterned_corridor
D:4:      minmay_door_path, layout_loops_corners, serial_shops,
          nicolae_shop_stone, chequers_serial_rivers_micro_d
D:5:      layout_basic, serial_shops, nicolae_shop_waterfront, uniq_pikel
D:6:      layout_loops_ring, temple_statues
D:7:      layout_cave_pods, eino_small_chamber_without_monster
D:8:      minmay_curly_fans, layout_rooms, lemuel_crystal_altar,
          grunt_dithmenos_smoke_and_mirrors, enter_ossuary_2, worms_lemuel
Temple:   dpeg_five_rooms_temple

Skill      XL: |  1  2  3  4  5  6  7  8  9 10 |
---------------+-------------------------------+-----
Invocations    | 1 2 3 4 5 |  5.8
Short Blades   | 1 2 3 4 5 |  5.3
Axes           | 1 2 3 4 5 |  5.3
Maces & Flails | 1 2 3 4 5 |  5.3
Polearms       | 1 2 3 4 5 |  5.3
Staves         | 1 2 3 4 5 |  5.3
Slings         | 1 2 3 4 5 |  5.3
Bows           | 1 2 3 4 5 |  5.3
Crossbows      | 1 2 3 4 5 |  5.3
Throwing       | 1 2 3 4 5 |  5.3
Dodging        | 1 2 3 4 5 |  5.3
Stealth        | 1 2 3 4 5 |  5.3
Unarmed Combat | 1 2 3 4 5 |  5.3
Spellcasting   | 1 2 3 4 5 |  5.3
Evocations     | 1 2 3 4 5 |  5.3
Conjurations   | 1 2 3 4 |  4.3
Hexes          | 1 2 3 4 |  4.3
Summonings     | 1 2 3 4 |  4.3
Necromancy     | 1 2 3 4 |  4.3
Translocations | 1 2 3 4 |  4.3
Transmutations | 1 2 3 4 |  4.3
Fire Magic     | 1 2 3 4 |  4.3
Ice Magic      | 1 2 3 4 |  4.3
Air Magic      | 1 2 3 4 |  4.3
Earth Magic    | 1 2 3 4 |  4.3
Poison Magic   | 1 2 3 4 |  4.3
Long Blades    | 5 6 7 |  7.1
Fighting       | 7 8 |  8.5
Armour         | 7 8 |  8.5
Shields        | 7 8 |  8.5

Action                   |  1- 3 |  4- 6 |  7- 9 | 10-12 || total
-------------------------+-------+-------+-------+-------++-------
Melee: Long sword        |    58 |       |       |       ||    58
       Bite              |    16 |    12 |    28 |    19 ||    75
       Whip              |    57 |    98 |       |       ||   155
       Flail             |       |    53 |   204 |       ||   257
       Falchion          |       |       |   138 |   116 ||   254
Throw: Stone             |     5 |     4 |       |       ||     9
Invok: Heroism           |       |       |     8 |     5 ||    13
Evoke: Wand              |       |       |     6 |       ||     6
  Use: Scroll            |     2 |     2 |     4 |     1 ||     9
       Potion            |       |     2 |     1 |       ||     3
 Stab: Sleeping          |       |       |     1 |       ||     1
Armor: Scale mail        |    44 |    64 |   144 |    27 ||   279
Dodge: Dodged            |    36 |    41 |   135 |    33 ||   245
Block: Kite shield       |    62 |    98 |   262 |    87 ||   509
       Rpst.: Long sword |     5 |       |       |       ||     5
       Falchion          |       |       |    16 |    10 ||    26

Table legend: (Time is in decaauts)
 A = Elapsed time spent in this place.
 B = Non-inter-level travel time spent in this place.
 C = Inter-level travel time spent in this place.
 D = Time resting spent in this place.
 E = Time spent auto-exploring this place.
 F = Levels seen in this place.
 G = Mean time per level.
                   A        B        C        D        E       F      G
               +--------+--------+--------+--------+--------+-----+--------+
         Total |   8316 |   8033 |    283 |     54 |   6027 |   9 |  924.0 |
       Dungeon |   8028 |   7816 |    212 |     54 |   5815 |   8 | 1003.5 |
        Temple |    287 |    216 |     71 |      0 |    212 |   1 |  287.0 |
               +--------+--------+--------+--------+--------+-----+--------+

Top non-repeatable levels by time:
     D:4: 1421 daAuts
     D:3: 1390 daAuts
     D:7: 1130 daAuts
     D:5: 1067 daAuts
     D:1: 1003 daAuts
     D:2: 939 daAuts
     D:6: 843 daAuts
  Temple: 287 daAuts
     D:8: 232 daAuts
